 Dungeon Crawl Stone Soup version 0.32-a0-765-gfba4d74c8c (webtiles) character file.

Game seed: 13962952120815371307

285088 GordonOverkill the Warmonger (level 19, -8/163 HPs)
             Began as a Demonspawn Delver on Mar 18, 2024.
             Was a High Priest of Okawaru.
             Mangled by Mennas
             ... wielding a +3 sacred scourge of holy wrath
              (18 damage)
             ... on level 2 of the Vaults.
             The game lasted 01:14:55 (43196 turns).

GordonOverkill the Warmonger (Demonspawn Delver)   Turns: 43196, Time: 01:14:55

Health: -8/163     AC: 29    Str: 26    XL:     19   Next: 80%
Magic:  28/33      EV:  9    Int: 16    God:    Okawaru [*****.]
Gold:   474        SH: 23    Dex: 12    Spells: 26/26 levels left

rFire   + + .        a - +9 broad axe (freeze)
rCold   + + .        z - +3 tower shield {rC+}
rNeg    + . .        l - +4 plate armour of Nodeth {Rampage rCorr}
rPois   +            (helmet unavailable)
rElec   +            o - scarf {rC+ rF+}
rCorr   +            V - +1 pair of gloves of Daisies {Int+4}
SInv    +            u - +0 pair of boots
Will    +....        M - amulet of faith Stlth
                     b - ring of Yredelemnul's Approval {rF+ rN+ Str+6}
HPRegen 0.47/turn    x - ring "Kitiffo" {rElec rPois rCorr}
MPRegen 0.23/turn

%: rampage, faith
@: heroic, finesse-ful, marked, hasted, glowing, silenced, very quick
A: antennae 3, yellow scales 2, ignite blood 3, powered by death 3, bedeviling,
clumsy 1
}: 2/15 runes: serpentine, barnacled
a: Renounce Religion


You were on level 2 of the Vaults.
You worshipped Okawaru.
Okawaru was extremely pleased with you.
You visited 7 branches of the dungeon, and saw 33 of its levels.
You visited 1 bazaar.
You also visited: Ossuary, Ice Cave, Volcano and Desolation.

You collected 3878 gold pieces.
You spent 3404 gold pieces at shops.

Inventory:

Hand Weapons
 a - a +9 broad axe of freezing (weapon)
 P - a +3 broad axe of flaming
Missiles
 s - 12 curare-tipped darts (quivered)
 Y - 24 silver javelins
 Z - 4 throwing nets
Armour
 l - the +4 plate armour of Nodeth (worn) {Rampage rCorr}
   (Okawaru gifted it to you on level 11 of the Dungeon)

   rCorr:     It protects you from acid and corrosion.
   Rampage:   It bestows one free step when moving towards enemies.
 o - a scarf of resistance (worn)
 u - a +0 pair of boots (worn)
 z - a +3 tower shield of cold resistance (worn)
 V - the +1 pair of gloves of Daisies (worn) {Int+4}
   (You bought it in a shop in a bazaar)

   Int+4:     It affects your intelligence (+4).
Jewellery
 b - the ring of Yredelemnul's Approval (left hand) {rF+ rN+ Str+6}
   (You bought it in a shop in a bazaar)

   [ring of strength]

   Str+6:     It affects your strength (+6).
   rF+:       It protects you from fire.
   rN+:       It protects you from negative energy.
 m - a ring of flight
 x - the ring "Kitiffo" (right hand) {rElec rPois rCorr}
   (You found it on level 4 of the Snake Pit)

   [ring of resist corrosion]

   rElec:     It insulates you from electricity.
   rPois:     It protects you from poison.
   rCorr:     It protects you from acid and corrosion.
 F - an amulet of reflection
 G - the ring "Kecuchih" {rN+ Str+4 Dex+4 Stlth+}
   (You bought it in a shop in a bazaar)

   [ring of positive energy]

   Str+4:     It affects your strength (+4).
   Dex+4:     It affects your dexterity (+4).
   rN+:       It protects you from negative energy.
   Stlth+:    It makes you more stealthy.
 M - an amulet of faith (around neck)
Wands
 g - a wand of digging (3)
 j - a wand of warping (46)
 t - a wand of light (4)
 O - a wand of mindburst (8)
 Q - a wand of flame (8)
 T - a wand of paralysis (20)
Scrolls
 d - 6 scrolls of revelation
 h - 4 scrolls of fog
 i - 21 scrolls of teleportation
 k - 8 scrolls of fear
 r - 8 scrolls of vulnerability
 v - 2 scrolls of blinking
 y - 3 scrolls of immolation
 A - a scroll of silence
 E - 13 scrolls of identify
 I - 6 scrolls of butterflies
 L - 3 scrolls of poison
 N - 4 scrolls of amnesia
Potions
 c - a potion of might
 f - 11 potions of haste
 n - 2 potions of lignification
 p - 8 potions of mutation
 q - 12 potions of curing
 w - 6 potions of attraction
 B - 2 potions of magic
 C - 3 potions of invisibility
 D - a potion of berserk rage
 H - 7 potions of brilliance
 J - 7 potions of enlightenment
 K - 4 potions of cancellation
 R - 8 potions of ambrosia
 S - 7 potions of heal wounds
 W - 4 potions of resistance
Miscellaneous
 e - a lightning rod (4/4)
 U - a tin of tremorstones (2/2)


   Skills:
 - Level 18.0(23.0) Fighting
 - Level 20.0(25.0) Axes
 - Level 2.0(7.0) Throwing
 - Level 12.0(17.0) Armour
 + Level 3.5(8.5) Dodging
 - Level 4.5(9.5) Stealth
 - Level 14.0(19.0) Shields
 - Level 4.0 Spellcasting
 - Level 5.0 Hexes
 - Level 20.0 Invocations
 - Level 5.0 Evocations


You had 26 spell levels left.
You didn't know any spells.
Your spell library contained the following spells:

 Spells                   Type           Power      Damage    Failure   Level
 Jinxbite                 Hex            56%        N/A       34%         2
 Confusing Touch          Hex            28%        N/A       56%         3
 Apportation              Tloc           6%         N/A       87%         1
 Kiss of Death            Conj/Necr      12%        2d6       87%         1
 Sandblast                Erth           6%         2d5       87%         1
 Inner Flame              Hex/Fire       16%        N/A       88%         3
 Blink                    Tloc           6%         N/A       95%         2
 Lesser Beckoning         Tloc           6%         N/A       95%         2
 Momentum Strike          Conj/Tloc      6%         3d8       95%         2
 Scorch                   Fire           6%         2d5       95%         2
 Frozen Ramparts          Ice            6%         1d1       99%         3
 Fugue of the Fallen      Necr           3%         N/A       99%         3
 Gell's Gravitas          Tloc           3%         N/A       99%         3
 Ozocubu's Armour         Ice            3%         N/A       99%         3
 Passwall                 Erth           3%         N/A       99%         3
 Stone Arrow              Conj/Erth      6%         3d7       99%         3
 Teleport Other           Tloc           3%         N/A       99%         3
 Volatile Blastmotes      Fire/Tloc      6%         2d10      99%         3
 Dimensional Bullseye     Hex/Tloc       8%         N/A       99%         4
 Brom's Barrelling Bould  Conj/Erth      3%         2d3       100%        4
 Flame Wave               Conj/Fire      3%         2d5       100%        4
 Leda's Liquefaction      Alch/Erth      1%         N/A       100%        4
 Manifold Assault         Tloc           3%         N/A       100%        4
 Passage of Golubria      Tloc           3%         N/A       100%        4
 Sticky Flame             Fire/Alch      3%         2d4       100%        4
 Alistair's Intoxication  Alch           2%         N/A       100%        5
 Irradiate                Conj/Alch      1%         3d12      100%        5
 Lee's Rapid Deconstruct  Erth           1%         3d4*      100%        5
 Metabolic Englaciation   Hex/Ice        8%         N/A       100%        5
 Yara's Violent Unravell  Hex/Alch       8%         3d5       100%        5
 Bombard                  Conj/Erth      1%         9d1       100%        6
 Conjure Ball Lightning   Conj/Air       1%         3x3d6     100%        6
 Dispersal                Tloc           1%         N/A       100%        6
 Permafrost Eruption      Ice/Erth       1%         2x4d2     100%        6
 Orb of Destruction       Conj           1%         9d5       100%        7
 Ozocubu's Refrigeration  Ice            1%         4d7       100%        7
 Ignition                 Fire           1%         3d3       100%        8
 Polar Vortex             Ice            1%         N/A       100%        9
 Tukima's Dance           Hex            Unusable   N/A       N/A         3
 Animate Armour           Summ/Erth      Unusable   N/A       N/A         4
 Summon Blazeheart Golem  Fire/Summ      Unusable   N/A       N/A         4
 Summon Lightning Spire   Summ/Air       Unusable   N/A       N/A         4
 Summon Mana Viper        Hex/Summ       Unusable   N/A       N/A         5
 Sculpt Simulacrum        Ice/Alch       Unusable   N/A       N/A         6
 Summon Cactus Giant      Summ           Unusable   N/A       N/A         6
 Spellforged Servitor     Conj/Summ      Unusable   N/A       N/A         7

Dungeon Overview and Level Annotations

Branches:
Dungeon (15/15)            Temple (1/1) D:4            Lair (5/5) D:8
 Shoals (4/4) Lair:3        Snake (4/4) Lair:2        Slime (0/5) Lair:5
    Orc (2/2) D:10            Elf (0/3) Orc:2        Vaults (2/5) D:14
 Depths (0/4) D:15        Ossuary (visited)           IceCv (visited)
Volcano (visited)         Desolation (visited)
  Crypt: Vaults:2-3

Altars:
Ashenzari
Cheibriados
Dithmenos
Fedhas
Gozag
Hepliaklqana
Kikubaaqudgha
Makhleb
Nemelex Xobeh
Okawaru
Qazlal
Ru
Sif Muna
Trog
Uskayaw
Vehumet
Wu Jian
Xom
Yredelemnul
Beogh
Jiyva

Shops:
D:9 (:[   D:14 *   Orc:2 (:*[   Snake:1 !   Snake:2 (

Portals:
Abyss: Snake:4

Annotations:
D:10 3 runed translucent doors, glosham's ghost, novice CoGl
D:14 2 transporters, paps's ghost, journeyman TrFi
Vaults:2 Mennas


Innate Abilities, Weirdness & Mutations

You have a pair of large antennae on your head. (SInv)
You are mostly covered in yellow scales. (AC +3)
Your demonic aura causes all spilled blood to erupt in flames.
You regenerate a lot of health from kills.
Your hexes are more powerful.
You are clumsy. (Dex -2)


Message History

Mennas blocks your attack.
Mennas is lightly wounded.
Mennas hits you but does no damage. You block Mennas's attack.
Mennas blocks your attack.
Mennas is lightly wounded.
Mennas hits you with a +3 sacred scourge of holy wrath!
* * * LOW HITPOINT WARNING * * *
You convulse!
* * * LOW HITPOINT WARNING * * *
Mennas hits you with a +3 sacred scourge of holy wrath.
* * * LOW HITPOINT WARNING * * *
You convulse!
* * * LOW HITPOINT WARNING * * *
You block Mennas's attack.
Mennas hits you with a +3 sacred scourge of holy wrath!
* * * LOW HITPOINT WARNING * * *
You convulse!
* * * LOW HITPOINT WARNING * * *
Mennas attacks as he pursues you! You block Mennas's attack.
Mennas hits you with a +3 sacred scourge of holy wrath!
* * * LOW HITPOINT WARNING * * *
You convulse.
* * * LOW HITPOINT WARNING * * *
You see here a dire elephant skeleton.
Mennas hits you with a +3 sacred scourge of holy wrath!
* * * LOW HITPOINT WARNING * * *
You convulse!
* * * LOW HITPOINT WARNING * * *
You block Mennas's attack.
Magic scrolls do not work when you're silenced!
Unknown command.
Unknown command.
Mennas looks to the heavens.
Mennas is engulfed in blazing flames.
Mennas attacks as he pursues you! You block Mennas's attack. x2
Mennas attacks as he pursues you!
Mennas hits you with a +3 sacred scourge of holy wrath!
* * * LOW HITPOINT WARNING * * *
You convulse!!
You die...

#......☼....#........#
#.^..°☼...†.)..[....##
#.....÷.....#......##
#....÷.÷....#.....##
#...○.......##...##
#..§........###'##
#...........# #.###
#....A......# #...###
#....@......###.....##
#...........#.###.....
#...........#.........
#...........#.###.....
#...........###.....##
#...........# #[..###
#...........# #.###
#.......<...###'##
#...........##...##


You could see Mennas (silencing).

Vanquished Creatures
  Nikola (Snake:3)
  3 sphinxes
  A kraken (Shoals:2)
  Polyphemus (Shoals:2)
  A tentacled starspawn (Snake:4)
  The ghost of sanka the Marksgoblin, an adept CoHu of Uskayaw (Snake:4)
  Gastronok (Lair:1)
  The ghost of kuniqs the Severer, an adept CoBe of Trog (Snake:3)
  Donald (Shoals:2)
  6 nagarajas
  3 frost giants
  A cacodemon (Snake:4)
  4 vault wardens
  The ghost of Luqob the Stormcaller, a journeyman DgAE (Shoals:1)
  2 orc warlords
  2 very ugly things (Snake:4)
  4 ironbound preservers
  3 ironbound thunderhulks
  3 formless jellyfish
  8 dire elephants
  The ghost of Nomaen the Martial Artist, a journeyman GnSh of Yredelemnul (Lair:4)
  A red draconian (Volcano)
  5 merfolk javelineers (Shoals:4)
  6 merfolk impalers
  5 yaktaur captains
  3 vault guards (D:14)
  3 hydras
  2 ogre magi
  A servant of whispers (Desolation)
  Erolcha (D:10)
  2 catoblepae
  A great orb of eyes (Vaults:1)
  2 peacekeepers
  4 salamander tyrants
  A death knight (D:15)
  5 ironbound frosthearts
  Erica (D:10)
  9 centaur warriors
  4 merfolk avatars
  6 two-headed ogres
  9 anacondas
  3 alligator snapping turtles
  7 boulder beetles
  2 death yaks (Shoals:2)
  3 merfolk aquamancers
  An entropy weaver (shapeshifter) (Snake:4)
  A hell hog (Snake:4)
  An orc high priest (Orc:2)
  5 shock serpents
  8 naga warriors
  3 tengu warriors
  Urug (D:11)
  A deep troll earth mage (Vaults:2)
  An occultist (Snake:4)
  A thrashing horror (Snake:4)
  10 naga sharpshooters
  Sonja (D:10)
  Nergalle (D:10)
  3 hell knights (Volcano)
  A wretched star (Snake:4)
  2 bog bodies (IceCv)
  7 skysharks
  3 skeletal warriors (D:15)
  4 salamander mystics
  15 deep trolls
  15 sea snakes
  2 glowing orange brains (Vaults:1)
  9 naga ritualists
  11 mana vipers
  4 lindwurms
  4 ironbound convokers
  A deep elf pyromancer (D:15)
  5 fauns (Shoals:1)
  A necromancer (Vaults:1)
  3 arcanists (Vaults:1)
  6 orc knights
  14 harpies
  5 orc sorcerers
  14 ugly things
  3 oklob plants (Lair:5)
  14 cyclopes
  Maurice (D:12)
  A worldbinder (Snake:4)
  13 manticores
  16 salamanders
  39 black mambas
  A kobold blastminer (Orc:2)
  4 merfolk sirens
  5 elephants (Lair:5)
  21 naga magi
  3 guardian serpents
  3 water nymphs
  11 vault sentinels
  A gargoyle (D:12)
  An ice statue (IceCv)
  16 cane toads
  2 kobold demonologists
  A large abomination (Snake:4)
  17 yaktaurs
  3 rime drakes
  12 komodo dragons
  A tengu conjurer (D:14)
  An anaconda simulacrum (IceCv)
  A queen bee (shapeshifter) (D:13)
  6 polar bears
  7 trolls
  18 merfolk
  A queen bee (Lair:3)
  4 hornets
  10 saltlings (Desolation)
  6 wind drakes
  An ettin zombie (Vaults:1)
  18 blink frogs
  13 snapping turtles
  7 dream sheep (Lair:5)
  25 slime creatures
  A wyvern (Lair:2)
  11 water elementals
  41 yaks
  2 dire elephant simulacra (IceCv)
  6 wraiths
  A vampire (D:9)
  3 basilisks
  2 wargs
  3 steam dragons (Lair:5)
  3 death yak simulacra (IceCv)
  9 humans (D:14)
  47 nagas
  3 vampire mosquitoes (D:13)
  2 acid dragons (D:12)
  A glowing shapeshifter zombie (Vaults:1)
  9 water moccasins
  2 hell hounds (Lair:2)
  An ogre skeleton (Vaults:1)
  21 orc warriors
  A black bear (shapeshifter) (D:13)
  3 black bears
  9 ogres
  18 wolves
  3 kobold brigands
  A phantom (D:6)
  22 centaurs
  An elf zombie (D:7)
  14 bullfrogs
  3 elf skeletons
  16 scorpions
  4 two-headed ogre simulacra (IceCv)
  17 wights
  37 killer bees
  4 elephant simulacra (IceCv)
  4 jellies
  3 howler monkeys
  2 bombardier beetles
  3 centaur zombies (Ossuary)
  21 orc priests
  4 hounds
  3 human skeletons
  4 human zombies
  4 iguanas
  Ijyb (D:5)
  4 sleepcaps
  18 orc wizards
  6 hell rats (Lair:1)
  5 scorpion zombies (Ossuary)
  9 spriggan simulacra (IceCv)
  4 troll simulacra (IceCv)
  5 polar bear simulacra (IceCv)
  A wolf simulacrum (IceCv)
  3 mummies (Ossuary)
  3 naga simulacra (IceCv)
  7 adders
  2 shadow imps (D:8)
  9 white imps
  8 ufetubi
  2 adder zombies (Ossuary)
  2 ribbon worms
  4 dart slugs
  49 orcs
  5 ball pythons
  6 endoplasms
  12 giant cockroaches
  A gnoll zombie (Ossuary)
  7 goblins
  13 hobgoblins
  4 jackals (D:5)
  2 quokkas
  2 ball python zombies (Ossuary)
  6 bats
  A frilled lizard (D:2)
  2 jackal zombies (Ossuary)
  38 kobolds
  2 orc zombies (Ossuary)
  7 rats
  4 tentacles (Shoals:2)
1229 creatures vanquished.

Vanquished Creatures (others)
  A naga mage (Snake:3)
  A naga (Snake:3)
  An ogre (D:15)
  An orc wizard (D:14)
  2 tentacles (Shoals:2)
6 creatures vanquished.

Grand Total: 1235 creatures vanquished

Notes
Turn   | Place    | Note
-------+----------+-------------------------------------------
     0 | D:5      | GordonOverkill the Demonspawn Delver began the quest for
                  | the Orb.
     0 | D:5      | Reached XP level 1. HP: 18/18 MP: 1/1
     1 | D:6      | Noticed a jelly
     1 | D:6      | Noticed a hound
    31 | D:5      | Found a hazy altar of Hepliaklqana.
    39 | D:5      | Noticed an orc wizard
    39 | D:5      | Noticed an orc wizard
    39 | D:5      | Noticed an orc wizard
    41 | D:5      | Found a broken altar of Ashenzari.
   365 | D:3      | Noticed a bombardier beetle
   397 | D:2      | Gained mutation: You have a pair of small antennae on your
                  | head. [demonic ancestry]
   397 | D:2      | Reached XP level 2. HP: 19/24 MP: 2/2
   753 | D:2      | Gained mutation: You are partially covered in yellow
                  | scales. (AC +2) [demonic ancestry]
   753 | D:2      | Reached XP level 3. HP: 27/29 MP: 3/3
  2325 | D:2      | Reached XP level 4. HP: 35/35 MP: 4/4
  2708 | D:3      | Reached skill level 1 in Throwing
  2763 | D:3      | Identified the +0 chain mail "Ravvaach" {^Contam Str+3
                  | Int+3}
  3509 | D:4      | Noticed a scorpion
  3513 | D:4      | Killed a scorpion
  3514 | D:4      | Reached XP level 5. HP: 41/41 MP: 5/5
  3596 | D:4      | Reached skill level 5 in Axes
  3601 | D:4      | Noticed an ogre
  3620 | D:4      | Killed an ogre
  3621 | D:4      | Gained mutation: Your demonic aura sometimes causes spilled
                  | blood to erupt in flames. [demonic ancestry]
  3621 | D:4      | Reached XP level 6. HP: 47/47 MP: 6/6
  3649 | D:4      | Noticed an orc warrior
  3682 | D:3      | Killed an orc warrior
  3929 | D:4      | Gained mutation: You have a pair of antennae on your head.
                  | [demonic ancestry]
  3929 | D:4      | Reached XP level 7. HP: 43/52 MP: 7/7
  3970 | D:4      | Found a staircase to the Ecumenical Temple.
  3994 | Temple   | Entered the Ecumenical Temple
  4000 | Temple   | Became a worshipper of Warmaster Okawaru
  4102 | D:5      | Noticed Ijyb
  4234 | D:5      | Killed Ijyb
  4894 | D:5      | Reached * piety under Okawaru
  4895 | D:5      | Gained mutation: Your demonic aura often causes spilled
                  | blood to erupt in flames. [demonic ancestry]
  4895 | D:5      | Reached XP level 8. HP: 41/60 MP: 8/8
  5387 | D:5      | Reached skill level 5 in Fighting
  5387 | D:5      | Reached skill level 1 in Invocations
  5600 | D:5      | Found a shadowy altar of Dithmenos.
  6033 | D:6      | Reached skill level 5 in Invocations
  6162 | D:6      | Reached skill level 1 in Evocations
  6571 | D:6      | Reached ** piety under Okawaru
  6572 | D:6      | Gained mutation: You are mostly covered in yellow scales.
                  | (AC +3) [demonic ancestry]
  6572 | D:6      | Reached XP level 9. HP: 55/68 MP: 12/12
  6918 | D:7      | Identified the +0 leather armour "Hidduroupp" {Str+4}
  6949 | D:7      | Found a sand-covered staircase.
  7033 | Ossuary  | Entered an ossuary
  7062 | Ossuary  | Reached skill level 10 in Axes
  7235 | Ossuary  | Reached *** piety under Okawaru
  8040 | D:7      | Reached **** piety under Okawaru
  8154 | D:7      | Reached XP level 10. HP: 74/74 MP: 13/13
  8284 | D:7      | Reached skill level 1 in Armour
 10059 | D:8      | Reached skill level 1 in Shields
 10132 | D:8      | Found a staircase to the Lair.
 10146 | D:8      | Noticed a manticore
 10158 | D:8      | Killed a manticore
 10530 | D:8      | Got the Commentary on Plutonic Misfortune
 10635 | D:8      | Reached ***** piety under Okawaru
 11437 | D:8      | Reached skill level 5 in Shields
 11695 | D:9      | Found Hyf Aji's Antique Weapon Shop.
 11758 | D:9      | Found Doen Puo's Book Emporium.
 11984 | D:9      | Received a gift from Okawaru
 12166 | D:9      | Noticed a rust devil
 12749 | D:7      | Gained mutation: You regenerate a little health from kills.
                  | [demonic ancestry]
 12749 | D:7      | Reached XP level 11. HP: 79/79 MP: 14/14
 12827 | D:9      | Found an ornate altar of the Wu Jian Council.
 12853 | D:9      | Found a burning altar of Makhleb.
 12853 | D:9      | Found Irghaph's Armour Shoppe.
 13093 | D:9      | Found Gyett's Antique Weapon Boutique.
 13672 | D:10     | Entered Level 10 of the Dungeon
 13730 | D:10     | Found a staircase to the Orcish Mines.
 13742 | D:10     | Noticed Erolcha
 13913 | D:10     | Paralysed by Erolcha for 5 turns
 14078 | D:10     | Noticed Erica
 14241 | D:10     | Killed Erica
 14786 | D:10     | Killed Erolcha
 14786 | D:10     | Received a gift from Okawaru
 14831 | D:10     | Noticed Sonja
 14840 | D:10     | Killed Sonja
 14932 | D:10     | Found a runed translucent gate.
 14933 | D:10     | Found a runed translucent gate.
 14934 | D:10     | Found a runed translucent gate.
 14935 | D:10     | Noticed glosham's ghost (novice CoGl)
 14935 | D:10     | Noticed a great orb of eyes
 15156 | D:10     | Noticed Nergalle
 15169 | D:10     | Killed Nergalle
 15195 | D:10     | Found a viscous altar of Jiyva.
 15236 | D:11     | Noticed Urug
 15249 | D:11     | Killed Urug
 15285 | D:11     | Gained mutation: You are clumsy. (Dex -2) [mutagenic glow]
 15712 | D:11     | Found a frozen archway.
 15722 | IceCv    | Entered an ice cave
 16098 | IceCv    | Received a gift from Okawaru
 16122 | IceCv    | Reached skill level 10 in Invocations
 17926 | IceCv    | Noticed a bog body
 17962 | IceCv    | Killed a bog body
 17963 | IceCv    | Gained mutation: You regenerate health from kills. [demonic
                  | ancestry]
 17963 | IceCv    | Reached XP level 12. HP: 69/89 MP: 19/19
 18481 | D:11     | Reached ****** piety under Okawaru
 18487 | D:11     | Acquired a +3 broad axe of freezing
 18487 | D:11     | Received a gift from Okawaru
 18494 | D:11     | Acquired the +4 plate armour of Nodeth {Rampage rCorr}
 18494 | D:11     | Received a gift from Okawaru
 19272 | Lair:1   | Entered Level 1 of the Lair of Beasts
 19321 | Lair:1   | Received a gift from Okawaru
 19917 | Lair:1   | Noticed Gastronok
 19939 | Lair:1   | Killed Gastronok
 19939 | Lair:1   | Received a gift from Okawaru
 19940 | Lair:1   | Reached skill level 10 in Fighting
 20583 | Lair:2   | Found a dark tunnel.
 20592 | Volcano  | Entered a volcano
 20599 | Volcano  | Reached skill level 5 in Evocations
 20601 | Volcano  | Noticed a centaur warrior
 20610 | Volcano  | Killed a centaur warrior
 20610 | Volcano  | Received a gift from Okawaru
 20611 | Volcano  | Reached skill level 5 in Armour
 20611 | Volcano  | Found a large runed translucent door.
 20613 | Volcano  | Found a large runed translucent door.
 20640 | Volcano  | Found a large runed translucent door.
 20640 | Volcano  | Found a large runed translucent door.
 20647 | Volcano  | Noticed a centaur warrior
 20658 | Volcano  | Killed a centaur warrior
 20676 | Volcano  | Found a large runed translucent door.
 20676 | Volcano  | Found a large runed translucent door.
 20733 | Volcano  | Found a large runed translucent door.
 20733 | Volcano  | Found a large runed translucent door.
 20742 | Volcano  | Found a large runed translucent door.
 20742 | Volcano  | Found a large runed translucent door.
 20749 | Volcano  | Found a large runed translucent door.
 20750 | Volcano  | Found a large runed translucent door.
 20869 | Volcano  | Found a large runed translucent door.
 20869 | Volcano  | Found a large runed translucent door.
 20870 | Volcano  | Noticed a centaur warrior
 20875 | Volcano  | Killed a centaur warrior
 20876 | Volcano  | Gained mutation: Your hexes are more powerful. [demonic
                  | ancestry]
 20876 | Volcano  | Reached XP level 13. HP: 98/103 MP: 20/20
 20889 | Volcano  | Noticed a red draconian
 20906 | Volcano  | Killed a red draconian
 20933 | Volcano  | Found a large runed translucent door.
 20933 | Volcano  | Found a large runed translucent door.
 20947 | Volcano  | Found a large runed translucent door.
 20947 | Volcano  | Found a large runed translucent door.
 21054 | Lair:2   | Received a gift from Okawaru
 21361 | Lair:2   | Found a staircase to the Snake Pit.
 22114 | Lair:2   | Received a gift from Okawaru
 22115 | Lair:2   | Reached skill level 1 in Spellcasting
 22311 | Lair:3   | Reached skill level 1 in Hexes
 22520 | Lair:3   | Received a gift from Okawaru
 22521 | Lair:3   | Reached skill level 5 in Hexes
 22675 | Lair:3   | Found a staircase to the Shoals.
 23213 | Lair:3   | Identified a scroll of acquirement
 23214 | Lair:3   | Acquired a manual of Shields
 23348 | Lair:4   | Found a runed translucent door.
 23465 | Lair:4   | Received a gift from Okawaru
 23754 | Lair:4   | Noticed Nomaen's ghost (journeyman GnSh)
 24533 | Lair:5   | Entered Level 5 of the Lair of Beasts
 24584 | Lair:5   | Reached skill level 15 in Axes
 24588 | Lair:5   | Reached XP level 14. HP: 99/110 MP: 21/21
 24780 | Lair:5   | Received a gift from Okawaru
 25105 | Lair:5   | Found a viscous altar of Jiyva.
 25105 | Lair:5   | Found a staircase to the Slime Pits.
 25434 | Lair:5   | Received a gift from Okawaru
 25467 | Lair:5   | Gained mutation: You have a pair of large antennae on your
                  | head. (SInv) [demonic ancestry]
 25467 | Lair:5   | Reached XP level 15. HP: 115/115 MP: 21/24
 25763 | Lair:4   | Killed Nomaen's ghost
 26050 | D:12     | Noticed Maurice
 26059 | D:12     | Killed Maurice
 26219 | D:12     | Reached skill level 10 in Shields
 26955 | D:13     | Identified the +1 hand axe of Kyarec {heavy, Int+3 Dex+2}
 27302 | D:13     | Identified the +1 pair of gloves of Lies {Int+5 Slay-5}
 27511 | D:14     | Found Otrafao's Assorted Antiques.
 27524 | D:14     | Received a gift from Okawaru
 27550 | D:14     | Bought a potion of curing for 123 gold pieces
 27550 | D:14     | Bought a potion of heal wounds for 205 gold pieces
 27854 | D:14     | Found a shimmering blue altar of Sif Muna.
 27969 | D:14     | Found a transporter.
 27972 | D:14     | Noticed paps's ghost (journeyman TrFi)
 28002 | D:14     | Found a transporter.
 28133 | D:14     | Found a hide-covered altar of Uskayaw.
 28284 | D:14     | Reached XP level 16. HP: 122/122 MP: 22/25
 28290 | D:14     | Received a gift from Okawaru
 28300 | D:14     | Identified the +7 great sword of Untimely Demise {speed,
                  | *Noise rC+ Will+++}
 28307 | D:14     | Found a gate to the Vaults.
 28429 | D:15     | Entered Level 15 of the Dungeon
 28450 | D:15     | Found an iron altar of Okawaru.
 28517 | D:15     | Acquired 682 gold pieces
 29257 | D:15     | Found a staircase to the Depths.
 29266 | D:15     | Received a gift from Okawaru
 29267 | D:15     | Reached skill level 15 in Invocations
 29485 | Orc:1    | Entered Level 1 of the Orcish Mines
 29571 | Orc:2    | Entered Level 2 of the Orcish Mines
 29689 | Orc:2    | Found a roughly hewn altar of Beogh.
 29696 | Orc:2    | Paralysed by an orc sorcerer for 5 turns
 29724 | Orc:2    | Received a gift from Okawaru
 29725 | Orc:2    | Found Fewnej's General Store.
 29755 | Orc:2    | Found Xumm's Antique Weapon Emporium.
 29775 | Orc:2    | Bought a scroll of blinking for 127 gold pieces
 29775 | Orc:2    | Bought a potion of resistance for 170 gold pieces
 29916 | Orc:2    | Found a staircase to the Elven Halls.
 30088 | Orc:2    | Found Rufepearph's Book Emporium.
 30094 | Orc:2    | Bought a manual of Fighting for 1120 gold pieces
 30103 | Orc:2    | Found Amalehike's Antique Armour Emporium.
 30364 | Snake:1  | Entered Level 1 of the Snake Pit
 30706 | Snake:1  | Received a gift from Okawaru
 31171 | Snake:1  | Found Qiguhaun's Distillery.
 31239 | Snake:1  | Bought a potion of curing for 51 gold pieces
 31239 | Snake:1  | Bought a potion of mutation for 136 gold pieces
 31239 | Snake:1  | Bought a potion of might for 68 gold pieces
 31239 | Snake:1  | Bought a potion of curing for 51 gold pieces
 31505 | Snake:2  | Found Leusyum's Antique Weapon Shop.
 31610 | Snake:2  | Reached skill level 15 in Fighting
 31634 | Snake:2  | Received a gift from Okawaru
 32316 | Snake:3  | Gained mutation: You regenerate a lot of health from kills.
                  | [demonic ancestry]
 32316 | Snake:3  | Reached XP level 17. HP: 144/146 MP: 21/28
 32320 | Snake:3  | Received a gift from Okawaru
 32425 | Snake:3  | Identified the +1 robe of Kudebba {rCorr Str+2 Slay+3}
 32457 | Snake:3  | Noticed Nikola
 33029 | Snake:3  | Killed Nikola
 33047 | Snake:3  | Received a gift from Okawaru
 33158 | Snake:3  | Found a transporter.
 33163 | Snake:3  | Noticed kuniqs's ghost (adept CoBe)
 33175 | Snake:3  | Found a transporter.
 33489 | Snake:3  | Killed kuniqs's ghost
 33556 | Snake:4  | Entered Level 4 of the Snake Pit
 33876 | Snake:4  | Received a gift from Okawaru
 34015 | Snake:4  | Found a one-way gate to the infinite horrors of the Abyss.
 34015 | Snake:4  | Noticed sanka's ghost (adept CoHu)
 34256 | Snake:4  | Found a transporter.
 34266 | Snake:4  | Found a transporter.
 34444 | Snake:4  | Received a gift from Okawaru
 34723 | Snake:4  | Got a serpentine rune of Zot
 35145 | Snake:4  | Reached XP level 18. HP: 125/125 MP: 27/31
 35151 | Snake:4  | Received a gift from Okawaru
 35203 | Snake:4  | Killed sanka's ghost
 35209 | Snake:4  | Got the Cyclopedia of Arcane Combat
 35438 | Snake:4  | Identified the ring "Kitiffo" {rElec rPois rCorr}
 35808 | Shoals:1 | Entered Level 1 of the Shoals
 35858 | Shoals:1 | Found a runed translucent door.
 36028 | Shoals:1 | Noticed Luqob's ghost (journeyman DgAE)
 36873 | Shoals:1 | Killed Luqob's ghost
 37146 | Shoals:2 | Noticed Donald
 37223 | Shoals:2 | Killed Donald
 37814 | Shoals:2 | Received a gift from Okawaru
 37950 | Shoals:2 | Noticed Polyphemus
 37972 | Shoals:2 | Killed Polyphemus
 38758 | Shoals:3 | Identified the +5 scale mail "Docsuiz" {rF+ Str+6 Dex-5}
 39051 | Shoals:4 | Entered Level 4 of the Shoals
 39134 | Shoals:4 | Received a gift from Okawaru
 39155 | Shoals:4 | Got a barnacled rune of Zot
 39587 | Shoals:4 | Identified the +3 scale mail "Mebrados" {rF+ Int-5 Slay+3}
 40496 | Vaults:1 | Entered Level 1 of the Vaults
 40550 | Vaults:1 | Identified the +1 scale mail "Cimuade" {rC+++ MP-9 Int+5
                  | Dex-2}
 40589 | Vaults:1 | Gained mutation: Your demonic aura causes all spilled blood
                  | to erupt in flames. [demonic ancestry]
 40589 | Vaults:1 | Reached XP level 19. HP: 135/163 MP: 30/33
 40790 | Vaults:1 | Received a gift from Okawaru
 40846 | Vaults:1 | Found a crumbling gateway.
 40851 | Desolati | Entered the Desolation of Salt
 40921 | Vaults:1 | Found a flickering gateway to a bazaar.
 40927 | Vaults:1 | Paralysed by a sphinx for 5 turns
 40949 | Bazaar   | Entered a bazaar
 40949 | Bazaar   | Found Ulem's Jewellery Shoppe.
 41046 | Bazaar   | Found Livat's General Store.
 41051 | Bazaar   | Found Ditet's Assorted Antiques.
 41060 | Bazaar   | Bought a pair of fine gloves for 152 gold pieces
 41060 | Bazaar   | Identified the +1 pair of gloves of Daisies {Int+4} (You
                  | bought it in a shop in a bazaar)
 41060 | Bazaar   | Bought a steaming lapis lazuli ring for 80 gold pieces
 41060 | Bazaar   | Identified the ring "Kecuchih" {rN+ Str+4 Dex+4 Stlth+}
                  | (You bought it in a shop in a bazaar)
 41071 | Bazaar   | Found Deurph's Assorted Antiques.
 41082 | Bazaar   | Bought a potion of heal wounds for 95 gold pieces
 41082 | Bazaar   | Bought a scroll of enchant armour for 142 gold pieces
 41082 | Bazaar   | Bought a scroll of brand weapon for 180 gold pieces
 41111 | Bazaar   | Found Wimum's Jewellery Shoppe.
 41132 | Bazaar   | Bought the ring of Yredelemnul's Approval {rF+ rN+ Str+6}
                  | for 704 gold pieces
 42467 | Vaults:2 | Reached skill level 10 in Armour
 42526 | Vaults:2 | Noticed Mennas
 42782 | Vaults:2 | Received a gift from Okawaru
 43196 | Vaults:2 | Mangled by Mennas

Illustrated notes

Levels and vault maps discovered:
D:1:      minmay_arrival_split_and_join, layout_loops_ring
D:2:      layout_loops_corners, minmay_worlds_worst_comb
D:3:      layout_basic, dk_noncrumbling_2
D:4:      layout_rooms, minmay_temple_entry_arrows
D:5:      layout_basic, mainiacjoe_overflow_chevrons, old_standard_altar,
          mainiacjoe_overflow_big_doors, old_standard_altar, uniq_ijyb
D:6:      minmay_chambers_of_fours, layout_loops_cross
D:7:      layout_basic, nicolae_ossuary_entry_catacombs
D:8:      layout_basic, david_lair_shrubbed
D:9:      kennysheep_kobold_camp, layout_cave_pools, grunt_temple_overflow_open,
          serial_shops, shop, shop, shop, shop, minmay_misc_feat_alley
D:10:     layout_loops_cross, orc_0_dummy, gammafunk_ghost_ooze, uniq_nergalle,
          uniq_erolcha, uniq_sonja, uniq_erica
D:11:     layout_cave_pods, portal_ice_cave_entry_pillars_2, uniq_urug
D:12:     layout_gridville, kennysheep_donut,
          serial_library_hellmonk_layered_room, uniq_maurice
D:13:     layout_irregular_city
D:14:     layout_rooms, ximxim_vaults_locker_room, nicolae_uskayaw_suspiria,
          gammafunk_ghost_mausoleum, nicolae_stop_n_shop_1,
          kennysheep_orc_sif_temple
D:15:     grunt_enter_depths_snipers, layout_rooms, okawaru_gym_becter
Temple:   hellmonk_temple_two_chambers
Lair:1:   layout_concentric_octagons, uniq_gastronok
Lair:2:   layout_layer_cave, minmay_snake_entry_guardpost_small,
          enter_volcano_3, gammafunk_lair_bear_cave
Lair:3:   layout_hall_layers, minmay_shoals_entry_lonely_mermaid, special_room
          [special_room_bee], guppyfry_lair_drakes, serial_bayou_shore_a,
          grunt_megastairs_4
Lair:4:   layout_regular_city, ebering_ghost_reflecting_pool,
          chequers_serial_rivers_large_a, serial_bayou_shore_b,
          infiniplex_staircase_pool_2
Lair:5:   gammafunk_lair_ancient_temple, layout_gridlike,
          minmay_slime_entry_oklob_enclosed, st_stairs_4
Shoals:1: layout_shoals, hellmonk_ghost_happy_afterlife
Shoals:2: layout_shoals, abandoned_shop, uniq_polyphemus, uniq_donald,
          uniq_ilsuiw
Shoals:3: layout_shoals, st_shoals_ruin
Shoals:4: shoals_end_grunt_ice, layout_shoals
Snake:1:  layout_rooms, serial_shops, shop, grunt_megastairs_3
Snake:2:  layout_grid_shapes, st_stairs_2, nicolae_snake_springs,
          lemuel_fruit_tree, minmay_shop_star
Snake:3:  layout_onion, gammafunk_ghost_arena, uniq_nikola
Snake:4:  minmay_snake_end_coiled, layout_cave_town,
          gammafunk_ghost_abyssal_escape
Orc:1:    layout_caves
Orc:2:    grunt_orc_cross, layout_caves, nicolae_orc_flooded_monolith
Vaults:1: portal_desolation_entry_ruin, v_misc_33, v_misc_10,
          nicolae_vaults_trapezoid_lopsided_2, nicolae_vaults_trapezoid_4,
          hangedman_vaults_variations, hangedman_vaults_unwind,
          hangedman_vaults_restitches, vaults_dpeg_ring,
          nicolae_vaults_trapezoid_lopsided_3, layout_vaults_omnicross,
          serial_shops, freezing_bzr
Vaults:2: grunt_vaults_funneled_arena, nicolae_vaults_hallways_thing, v_misc_22,
          nicolae_vaults_closet_pinwheel_4, hangedman_vaults_impose, v_misc_10,
          v_rooms_5, nicolae_vaults_shelves_hall, v_misc_1,
          nicolae_vaults_closet_pinwheel_4, layout_vaults_omnibox, uniq_mennas

Skill      XL: |  1  2  3  4  5  6  7  8  9 10 11 12 13 14 15 16 17 18 19 |
---------------+----------------------------------------------------------+-----
Axes           | 2 3 4 5 6 8 9 11 12 14 15 16 19 20 | 20.0
Throwing       | 2 |  2.0
Fighting       | 4 5 6 10 16 18 | 18.0
Invocations    | 5 10 12 15 19 20 | 20.0
Evocations     | 2 5 |  5.0
Armour         | 3 6 9 12 | 12.0
Dodging        | 3 |  3.5
Shields        | 5 8 13 14 | 14.0
Spellcasting   | 2 4 |  4.0
Hexes          | 5 |  5.0
Stealth        | |  4.5

Action                     |  1- 3 |  4- 6 |  7- 9 | 10-12 | 13-15 | 16-18 | 19-21 || total
---------------------------+-------+-------+-------+-------+-------+-------+-------++-------
  Melee: Hand axe          |   170 |   127 |   519 |   794 |       |       |       ||  1610
         Broad axe         |       |       |       |   110 |   677 |  1295 |   272 ||  2354
  Throw: Dart              |       |     7 |    15 |     6 |     2 |     2 |       ||    32
 Invoke: Heroism           |       |       |     2 |    10 |     7 |    30 |     5 ||    54
         Finesse           |       |       |       |     1 |     2 |    10 |     3 ||    16
         Receive Weapon    |       |       |       |     1 |       |       |       ||     1
         Receive Armour    |       |       |       |     1 |       |       |       ||     1
  Evoke: Wand              |       |       |     8 |    19 |    17 |       |       ||    44
         Tin of tremorston |       |       |       |       |       |     3 |     1 ||     4
         Lightning rod     |       |       |       |       |       |       |     2 ||     2
    Use: Scroll            |     1 |     4 |    11 |    16 |     5 |    12 |     7 ||    56
         Potion            |       |       |     2 |     5 |     1 |     3 |     3 ||    14
   Stab: Sleeping          |     8 |     1 |       |       |       |       |       ||     9
         Paralysed         |       |       |       |     7 |       |       |       ||     7
         Petrified         |       |       |       |       |     5 |     4 |       ||     9
         Invisible         |       |       |       |       |       |     5 |       ||     5
 Armour: Leather armour    |    44 |       |       |       |       |       |       ||    44
         Ring mail         |    65 |    33 |       |       |       |       |       ||    98
         Chain mail        |       |    52 |   400 |   349 |       |       |       ||   801
         Skin              |       |       |       |    36 |       |       |       ||    36
         Scale mail        |       |       |       |   183 |       |       |       ||   183
         Plate armour      |       |       |       |   131 |   643 |   794 |   211 ||  1779
  Dodge: Dodged            |    73 |    48 |   160 |   239 |    71 |   189 |    50 ||   830
  Block: Buckler           |     4 |    23 |    77 |   171 |       |       |       ||   275
         Tower shield      |       |       |       |   123 |   628 |  1279 |   266 ||  2296

Table legend: (Time is in decaauts)
 A = Elapsed time spent in this place.
 B = Non-inter-level travel time spent in this place.
 C = Inter-level travel time spent in this place.
 D = Time resting spent in this place.
 E = Time spent auto-exploring this place.
 F = Levels seen in this place.
 G = Mean time per level.
                   A        B        C        D        E       F      G
               +--------+--------+--------+--------+--------+-----+--------+
         Total |  42837 |  40010 |   2827 |  10733 |  20832 |  38 | 1127.3 |
       Dungeon |  19414 |  17889 |   1525 |   5117 |   9170 |  15 | 1294.3 |
        Temple |     12 |      7 |      5 |      0 |      0 |   1 |   12.0 |
          Lair |   6719 |   5990 |    729 |    490 |   4239 |   5 | 1343.8 |
        Shoals |   4363 |   4218 |    145 |    535 |   2816 |   4 | 1090.8 |
     Snake Pit |   5136 |   4828 |    308 |   1396 |   2396 |   4 | 1284.0 |
  Orcish Mines |    730 |    679 |     51 |      0 |    548 |   2 |  365.0 |
        Vaults |   2399 |   2337 |     62 |    730 |   1033 |   2 | 1199.5 |
        Bazaar |    194 |    194 |      0 |     46 |    102 |   1 |  194.0 |
       Ossuary |    715 |    715 |      0 |    321 |     85 |   1 |  715.0 |
      Ice Cave |   2671 |   2671 |      0 |   2002 |    265 |   1 | 2671.0 |
       Volcano |    445 |    445 |      0 |     93 |    173 |   1 |  445.0 |
    Desolation |     34 |     34 |      0 |      0 |      3 |   1 |   34.0 |
               +--------+--------+--------+--------+--------+-----+--------+

Top non-repeatable levels by time:
   IceCv: 2671 daAuts
     D:8: 2565 daAuts
     D:7: 2032 daAuts
 Snake:4: 1822 daAuts
     D:9: 1694 daAuts
Vaults:1: 1595 daAuts
 Snake:2: 1582 daAuts
  Lair:1: 1530 daAuts
     D:5: 1460 daAuts
     D:3: 1420 daAuts
  Lair:2: 1408 daAuts
Shoals:1: 1360 daAuts
     D:6: 1326 daAuts
    D:11: 1290 daAuts
  Lair:3: 1274 daAuts
